[Event "Team 45 45 League T43"]
[Site "Internet Chess Club"]
[Date "2009.11.09"]
[Round "2"]
[White "quotha"]
[Black "KoalieAwe"]
[Result "1-0"]
[WhiteElo "1656"]
[BlackElo "1417"]
[Opening "Queen's pawn game"]
[ECO "D00"]
[Time "12:40:41"]
[TimeControl "2700+45"]

1. d4 d5 2. g3 Nc6 3. Bg2 Bf5 4. c3 e5 5. dxe5 Nxe5 6. Qxd5 Qxd5 7. Bxd5 c6 8.
Bg2 Nf6 9. Nf3 Bd6 10. O-O h6 11. Re1 O-O-O 12. Nbd2 Rhe8 13. Nxe5 Rxe5 14. Nc4
Re6 15. Nxd6+ Rexd6 16. e4 Rd1 17. Bxh6 Rxa1 18. Rxa1 gxh6 19. exf5 Rd2 20. Bf3
Rxb2 21. Re1 Rxa2 22. Re7 Ra1+ 23. Kg2 a5 24. Rxf7 a4 25. Rxf6 a3 26. Rf8+ Kc7
27. Ra8 Kd6 28. h3 Ke5 29. g4 Kf6 30. Ra7 a2 31. Be2 b5 32. f4 Rc1 33. Rxa2 Rxc3
34. Rb2 Re3 35. Bf3 Rc3 36. Rd2 b4 37. Rd6+ Kf7 38. Rxc6 Rxc6 39. Bxc6 Kf6 40.
Bd5 h5 41. Kf3 h4 42. Ke4 Ke7 43. Ke5 Kf8 44. f6 Ke8 45. Kf5 Kf8 46. Kg6 Ke8 47.
Kg7 Kd7 48. f7 b3 49. Bxb3 Kc7 50. f8=Q Kd7 51. Qh8 Ke7 52. Qxh4+ Kd7 53. f5 Kc7
54. f6 Kd7 55. f7 Kc6 56. f8=Q Kb5 57. Kf7 Kb6 58. g5 Kc6 59. g6 Kb6 60. g7 Kb5
61. g8=Q Kb6 62. Qf2+ Ka6 63. h4 Kb7 64. h5 Ka6 65. h6 Kb7 66. h7 Ka6 67. h8=Q
Kb5 68. Ba4+ Kxa4 69. Qe3 Kb5 70. Qee8+ Ka5 71. Kf6 Kb6 72. Kf5 Ka6 73. Kg4 Ka5
74. Kg3 Kb6 75. Kh2 Ka5 76. Kh1 Kb6 77. Qhe5 Ka6 78. Qge6+ Ka7 79. Qfe7# {Black
checkmated} 1-0

[Event "Team 45 45 League T43"]
[Site "Internet Chess Club"]
[Date "2009.11.08"]
[Round "2"]
[White "wrimle"]
[Black "scottrugby"]
[Result "1-0"]
[WhiteElo "1527"]
[BlackElo "1388"]
[Opening "Sicilian: closed"]
[ECO "B24"]
[Time "16:00:26"]
[TimeControl "2700+45"]

1. e4 c5 2. Nc3 g6 3. g3 Bg7 4. Bg2 Nc6 5. Nge2 Nf6 6. O-O d6 7. d3 O-O 8. h3
Bd7 9. Be3 Qc8 10. Kh2 a6 11. Nf4 Rb8 12. Ncd5 e5 13. Nb6 Qd8 14. Nfd5 Nxd5 15.
Nxd5 Nd4 16. c3 Nb5 17. Qd2 Nc7 18. Bg5 f6 19. Bh6 Nxd5 20. Bxg7 Kxg7 21. exd5
b5 22. f4 Qe7 23. c4 b4 24. Rae1 a5 25. Be4 f5 26. Bg2 Rbe8 27. fxe5 dxe5 28.
Rf3 Qd6 29. Qg5 h6 30. Qd2 Rf7 31. Rfe3 Rfe7 32. R1e2 Bc8 33. Qe1 Bd7 34. a3 Qc7
35. axb4 axb4 36. b3 Qd6 37. Qa1 Qc7 38. Ra2 Rb8 39. Ra6 Bc8 40. Ra7 Rb7 41. Ra6
Rb6 42. Rxb6 Qxb6 43. Rxe5 Rxe5 44. Qxe5+ Kg8 45. Qe8+ {Black resigns} 1-0

[Event "Team 45 45 League T43"]
[Site "Internet Chess Club"]
[Date "2009.11.08"]
[Round "2"]
[White "shijith"]
[Black "Despair"]
[Result "1/2-1/2"]
[WhiteElo "1817"]
[BlackElo "1943"]
[Opening "Grünfeld: modern exchange variation"]
[ECO "D90"]
[Time "19:04:42"]
[TimeControl "2700+45"]

1. d4 d5 2. Nf3 g6 3. c4 Bg7 4. Nc3 Nf6 5. cxd5 Nxd5 6. e4 Nxc3 7. bxc3 b6 8.
Bc4 O-O 9. O-O Bb7 10. Qe2 c5 11. dxc5 Bxc3 12. Rb1 Nd7 13. Rd1 Qc8 14. cxb6
Nxb6 15. Bb3 Qg4 16. Bh6 Bxe4 17. Bxf8 Bxb1 18. Bxe7 Be4 19. Bxf7+ Kg7 20. Bb3
Bxf3 21. Qxf3 Qxf3 22. gxf3 Re8 23. Ba3 Kf6 24. Rc1 {Game drawn by mutual
agreement} 1/2-1/2

[Event "Team 45 45 League T43"]
[Site "Internet Chess Club"]
[Date "2009.11.06"]
[Round "2"]
[White "fishhead"]
[Black "rubo"]
[Result "0-1"]
[WhiteElo "2072"]
[BlackElo "1710"]
[Opening "Caro-Kann: two knights, 3...Bg4"]
[ECO "B10"]
[Time "16:00:34"]
[TimeControl "2700+45"]

1. e4 c6 2. Nf3 d5 3. Nc3 Bg4 4. h3 Bxf3 5. Qxf3 Nf6 6. exd5 Nxd5 7. Bc4 e6 8.
Ne4 Nd7 9. d4 Be7 10. O-O N7f6 11. Ng3 O-O 12. a4 Nb6 13. Qd3 Qc7 14. Bb3 Rfd8
15. a5 Nbd5 16. c3 c5 17. dxc5 Bxc5 18. Bg5 Qe5 19. Bxf6 Nxf6 20. Qf3 Rd2 21.
Rae1 Qc7 22. Re2 Rxe2 23. Nxe2 Rd8 24. Rd1 Rxd1+ 25. Bxd1 Qd7 26. Nf4 Qd2 27.
Nd3 Ne4 28. Qxe4 Qxd1+ 29. Kh2 Bd6+ 30. g3 h5 31. Kg2 Qb3 32. h4 g6 33. c4 Bc7
34. Nc5 Qb4 35. Nxb7 Qxb2 36. Qc6 Qe5 37. a6 Kg7 38. Kf3 Qc3+ 39. Kg2 Qe5 40. c5
Kf8 41. Qd7 Qe4+ 42. Kf1 Qh1+ 43. Ke2 Qe4+ 44. Kd1 Qb1+ 45. Kd2 Qb2+ 46. Ke3
Qc3+ 47. Qd3 Qe5+ 48. Kf3 Ke7 49. Qe3 Qxe3+ 50. Kxe3 Kd7 51. Kd4 Kc6 52. Kc4 f6
53. f4 e5 54. fxe5 fxe5 55. Kd3 Kb5 56. Ke4 Kxa6 57. Nd6 Bxd6 58. cxd6 Kb7 59.
Kxe5 Kc8 60. Kf6 Kd7 61. Kxg6 a5 62. Kxh5 a4 63. g4 a3 64. g5 a2 65. Kg6 a1=Q
66. h5 Kxd6 67. h6 Ke6 68. Kh7 Qa7+ 69. Kg6 Qf7# {White checkmated} 0-1

[Event "Team 45 45 League T43"]
[Site "Internet Chess Club"]
[Date "2009.11.08"]
[Round "2"]
[White "Beancounter"]
[Black "awb"]
[Result "1/2-1/2"]
[WhiteElo "1651"]
[BlackElo "1737"]
[Opening "English: Mikenas-Carls, Flohr variation"]
[ECO "A18"]
[Time "14:19:38"]
[TimeControl "2700+45"]

1. c4 Nf6 2. Nc3 e6 3. e4 d5 4. e5 Nfd7 5. d4 c6 6. Qg4 dxc4 7. Bxc4 Nb6 8. Bb3
Nd5 9. Nf3 h6 10. O-O b6 11. Re1 Ba6 12. Ne4 Kd7 13. Nd6 Bxd6 14. exd6 Qf6 15.
Bxd5 cxd5 16. Bf4 Rc8 17. Ne5+ Ke8 18. Rac1 g5 19. Bg3 Nd7 20. Nxd7 Kxd7 21.
Rc7+ Rxc7 22. dxc7 Qg6 23. Qd1 Qd3 24. Qxd3 Bxd3 25. Rc1 Ba6 26. Be5 h5 27. f3
f5 28. Kf2 Rg8 29. Rc3 Bc4 30. b3 Bb5 31. g3 Bc6 32. f4 {Game drawn by mutual
agreement} 1/2-1/2

[Event "Team 45 45 League T43"]
[Site "Internet Chess Club"]
[Date "2009.11.04"]
[Round "2"]
[White "chess92192"]
[Black "natethegreat"]
[Result "1-0"]
[WhiteElo "1973"]
[BlackElo "1915"]
[Opening "King's Indian: Andersson variation"]
[ECO "E92"]
[Time "19:30:11"]
[TimeControl "2700+45"]

1. d4 Nf6 2. c4 g6 3. Nc3 Bg7 4. e4 d6 5. Nf3 O-O 6. Be2 e5 7. dxe5 dxe5 8. Qxd8
Rxd8 9. Bg5 Re8 10. Nd5 Nxd5 11. cxd5 f6 12. Be3 Bf8 13. Rc1 Bc5 14. Bxc5 {Black
resigns} 1-0

[Event "Team 45 45 League T43"]
[Site "Internet Chess Club"]
[Date "2009.11.08"]
[Round "2"]
[White "vkpanch"]
[Black "hewdondada"]
[Result "1/2-1/2"]
[WhiteElo "1705"]
[BlackElo "1797"]
[Opening "Scandinavian (center counter) defense"]
[ECO "B01"]
[Time "16:04:28"]
[TimeControl "2700+45"]

1. e4 d5 2. exd5 Qxd5 3. Nc3 Qa5 4. d4 Nf6 5. Bd2 c6 6. Bd3 Qb6 7. Nf3 Bg4 8.
Na4 Qc7 9. h3 Bh5 10. g4 Bg6 11. Ne5 Nbd7 12. Bf4 Qa5+ 13. Nc3 Nd5 14. Bd2 Nxe5
15. dxe5 Nxc3 16. Bxc3 Qd5 17. Rf1 O-O-O 18. Bxg6 hxg6 19. Qxd5 Rxd5 20. Rh1 e6
21. Rd1 Be7 22. Rxd5 cxd5 23. Bd4 Kc7 24. c3 a6 25. f4 b5 26. a3 a5 27. Kf2 Kb7
28. Kg3 Bh4+ 29. Kg2 Be7 30. Ra1 Ra8 31. Kg3 b4 32. axb4 axb4 33. Rxa8 Kxa8 34.
cxb4 Bxb4 35. h4 Kb7 36. h5 Kc6 37. f5 gxh5 38. gxh5 exf5 39. Kf4 g6 40. h6 Bf8
41. Kg5 Be7+ 42. Kf4 Bf8 43. Kg5 Be7+ 44. Kf4 Bf8 45. Kg5 {Game drawn by
repetition} 1/2-1/2

[Event "Team 45 45 League T43"]
[Site "Internet Chess Club"]
[Date "2009.11.07"]
[Round "2"]
[White "mugurelt"]
[Black "soccerisfun"]
[Result "1/2-1/2"]
[WhiteElo "1768"]
[BlackElo "1517"]
[Opening "English opening: Agincourt variation"]
[ECO "A13"]
[Time "17:02:40"]
[TimeControl "2700+45"]

1. c4 e6 2. Nf3 d5 3. e3 c5 4. Nc3 Nf6 5. d4 Nc6 6. Be2 dxc4 7. Bxc4 cxd4 8.
exd4 Bb4 9. O-O O-O 10. a3 Bxc3 11. bxc3 Bd7 12. Bg5 h6 13. Bh4 Rc8 14. Be2 g5
15. Bg3 Ne7 16. c4 Bc6 17. Ne5 Kg7 18. Ng4 Nxg4 19. Bxg4 Nf5 20. Bxf5 exf5 21.
d5 Bd7 22. Be5+ f6 23. Bd6 Re8 24. c5 Bb5 25. Re1 Rxe1+ 26. Qxe1 b6 27. a4 Ba6
28. Qe6 Qe8 29. Be7 Qf7 30. c6 Qxe6 31. dxe6 Rxc6 32. Re1 Bc8 33. Bb4 Rxe6 34.
Rc1 a5 35. Bd2 Bd7 36. Ra1 Rd6 37. Be1 Kf7 38. Kf1 Ke8 39. f3 Kd8 40. Bf2 Kc7
41. Ke1 f4 42. Ra3 f5 43. g3 fxg3 44. hxg3 Re6+ 45. Kd2 Bc6 46. Rc3 Kb7 47. Ra3
g4 48. fxg4 fxg4 49. Kc3 Re4 50. Rb3 Re2 51. Rxb6+ Kc7 52. Rb2 Rxb2 53. Kxb2
Bxa4 54. Be3 h5 55. Bf4+ Kc6 56. Ka2 Bb5 57. Be5 Kd5 58. Bb8 a4 59. Bc7 Bc4+ 60.
Ka1 Kc6 61. Bf4 Kd5 62. Bb8 Ke4 63. Bc7 Kf3 64. Bb8 a3 65. Bc7 Bd5 66. Bb8 Bb3
67. Bc7 Ke4 68. Bb8 Kf5 69. Bc7 Ke6 70. Bb8 Kd7 71. Bf4 Bg8 72. Be5 Ke6 73. Bf4
Kd5 74. Bb8 Ke6 75. Bf4 Kd5 76. Bb8 Be6 77. Bc7 a2 78. Bb8 Ke4 79. Bc7 Kf5 80.
Bb8 Kg5 81. Bc7 h4 82. gxh4+ Kxh4 83. Bd6 Kh3 84. Bc7 Bg8 85. Bd6 g3 86. Bxg3
Kxg3 87. Kb2 Kf3 88. Ka1 Ke3 89. Kb2 Kd3 90. Ka1 Kd2 91. Kb2 Bb3 92. Ka1 Kd3 93.
Kb2 Ke4 94. Ka1 Kd5 95. Kb2 Kc5 96. Ka1 Kb4 97. Kb2 Bc2 98. Kxa2 {Game drawn
because neither player has mating material} 1/2-1/2

[Event "Team 45 45 League T43"]
[Site "Internet Chess Club"]
[Date "2009.11.04"]
[Round "2"]
[White "Caminator"]
[Black "RD1974"]
[Result "1-0"]
[WhiteElo "1883"]
[BlackElo "1643"]
[Opening "Scandinavian: Pytel-Wade variation"]
[ECO "B01"]
[Time "18:30:15"]
[TimeControl "2700+45"]

1. e4 d5 2. exd5 Qxd5 3. Nc3 Qd6 4. d4 Nf6 5. Nf3 a6 6. Bc4 b5 7. Bb3 Bb7 8. O-O
e6 9. Be3 Be7 10. Nd2 Nbd7 11. f3 Qb6 12. Re1 O-O 13. Kh1 Rfe8 14. d5 c5 15.
dxe6 fxe6 16. a3 Qc6 17. Bf2 c4 18. Ba2 Ng4 19. Bg3 Bc5 20. Nde4 Ne3 21. Qd2 Nd5
22. Nxc5 Nxc5 23. Nxd5 exd5 24. Rxe8+ Rxe8 25. Re1 Rxe1+ 26. Qxe1 Qe6 27. Qf2
Qf6 28. c3 Nd3 29. Qe2 Kf7 30. Bb1 d4 31. Bxd3 cxd3 32. Qxd3 dxc3 33. Qxc3 Qxc3
34. bxc3 Ke6 35. Bh4 Kd5 36. Be7 a5 37. Bd8 a4 38. Ba5 Kc4 39. Kg1 Kd3 40. Kf2
g6 41. Bb4 h5 42. Kg3 Ke3 43. h4 Bd5 44. Bc5+ Kd3 45. Kf4 Be6 46. Kg5 Bf5 47. g4
hxg4 48. fxg4 Be4 49. Bb4 Ke3 50. h5 gxh5 51. gxh5 Kf3 52. h6 Bd3 53. Kf6 Kf4
54. Kg7 Ke5 55. h7 Bxh7 56. Kxh7 Kf6 57. Kg8 Ke6 58. Kf8 Kd7 59. Kf7 Kc6 60. Ke6
Kc7 61. Kd5 Kb6 62. Kd6 Kb7 63. Kc5 Ka6 64. Kc6 Ka7 65. Kxb5 Kb7 66. Kxa4 Kb6
67. c4 Ka6 68. c5 Kb7 69. Kb5 Ka7 70. Ba5 Kb7 71. c6+ Ka7 72. Bb6+ Kb8 73. a4
Ka8 74. a5 Kb8 75. a6 Ka8 76. Kc5 Kb8 77. c7+ Kc8 78. a7 Kb7 79. Kb5 Kc8 80.
a8=Q+ Kd7 81. c8=Q+ Kd6 82. Qac6+ Ke5 83. Q8e8+ Kf5 84. Qcg6+ Kf4 85. Qe3#
{Black checkmated} 1-0

[Event "Team 45 45 League T43"]
[Site "Internet Chess Club"]
[Date "2009.11.08"]
[Round "2"]
[White "Wheels"]
[Black "hondocando"]
[Result "0-1"]
[WhiteElo "1989"]
[BlackElo "1921"]
[Opening "Scandinavian: Marshall variation"]
[ECO "B01"]
[Time "20:04:25"]
[TimeControl "2700+45"]

1. e4 d5 2. exd5 Nf6 3. d4 Nxd5 4. Nf3 Bf5 5. Be2 Nc6 6. O-O e6 7. a3 Be7 8. c4
Nb6 9. Nc3 O-O 10. Be3 Bf6 11. b4 a6 12. Qd2 Qe7 13. c5 Nd5 14. Nxd5 exd5 15.
Bd3 Be4 16. Be2 Rfe8 17. Rfe1 Qd7 18. Rad1 Qg4 19. h3 Qg6 20. Bd3 Bxd3 21. Qxd3
Qxd3 22. Rxd3 Re4 23. Nd2 Re7 24. Nf3 Rae8 25. Kf1 Re4 26. Nd2 R4e6 27. Nf3 h6
28. g3 Re4 29. Nd2 R4e7 30. Nf3 g5 31. g4 Kh7 32. Kg2 Kg6 33. Kh2 Bg7 34. h4 f5
35. gxf5+ Kxf5 36. Kg3 Re4 37. Red1 Rg4+ 38. Kh3 Bf6 39. h5 Ree4 40. Kh2 Re7 41.
Kh3 Rge4 42. Kg3 Bh8 43. R3d2 Rg4+ 44. Kh3 Re8 45. Rd3 Bg7 46. R3d2 Rge4 47. Kg3
Kf6 48. Rb1 Ne7 49. Ne5 Nf5+ 50. Kf3 Ke6 51. Ng4 Rf8 52. Nh2 Nxe3+ 53. Kg3 Rxd4
54. Rxd4 Be5+ 55. Kh3 Rxf2 {White resigns} 0-1

[Event "Team 45 45 League T43"]
[Site "Internet Chess Club"]
[Date "2009.11.06"]
[Round "2"]
[White "chess2k7"]
[Black "Philly-Boy"]
[Result "1-0"]
[WhiteElo "1883"]
[BlackElo "1876"]
[Opening "King's Indian: 6.Be2"]
[ECO "E91"]
[Time "12:03:38"]
[TimeControl "2700+45"]

1. d4 Nf6 2. c4 g6 3. Nc3 Bg7 4. e4 d6 5. Nf3 O-O 6. Be2 Nc6 7. d5 Nb8 8. O-O
Bg4 9. Qc2 Nbd7 10. h3 Bxf3 11. Bxf3 c6 12. Bg5 cxd5 13. exd5 Ne5 14. Be2 Rc8
15. b3 a6 16. a4 Qa5 17. Rfe1 h6 18. Bd2 Qb6 19. Qc1 Kh7 20. a5 Qd4 21. Be3 Qh4
22. f4 Neg4 23. hxg4 Nxg4 24. Bxg4 Qxg4 25. Qd2 e5 26. dxe6 fxe6 27. Bd4 Bxd4+
28. Qxd4 Rxf4 29. Qxd6 Qg3 30. Qd7+ Kh8 31. Qxc8+ Kh7 32. Qxb7+ Kh8 33. Qb8+ Kh7
34. Qa7+ Kh8 35. Rxe6 {Black resigns} 1-0

[Event "Team 45 45 League T43"]
[Site "Internet Chess Club"]
[Date "2009.11.07"]
[Round "2"]
[White "SquAREA51"]
[Black "jps7"]
[Result "0-1"]
[WhiteElo "1600"]
[BlackElo "1761"]
[Opening "French: Tarrasch, Guimard variation"]
[ECO "C04"]
[Time "17:00:54"]
[TimeControl "2700+45"]

1. e4 e6 2. d4 d5 3. Nd2 Nc6 4. Ngf3 Bd7 5. Bd3 Nf6 6. O-O dxe4 7. Nxe4 Be7 8.
Re1 O-O 9. Bg5 h6 10. Bh4 Nb4 11. Bc4 Bc6 12. Nxf6+ Bxf6 13. Bxf6 Qxf6 14. Ne5
Bd5 15. Bxd5 Nxd5 16. Nd7 Qg5 17. Nxf8 Nf4 18. Qf3 Rxf8 19. Re5 Qf6 20. Kf1 c6
21. g3 Nd5 22. Qxf6 Nxf6 23. f3 Rd8 24. Rd1 b6 25. Ke2 Nd5 26. a3 Rd6 27. Ke1 f6
28. Re2 Kf7 29. c4 Ne7 30. g4 f5 31. Kf2 f4 32. Re4 g5 33. Rde1 Ng6 34. b4 Nh4
35. c5 bxc5 36. bxc5 Rd5 37. Rxe6 Rxd4 38. Ke2 {White resigns} 0-1

[Event "Team 45 45 League T43"]
[Site "Internet Chess Club"]
[Date "2009.11.04"]
[Round "2"]
[White "UnderRated"]
[Black "BrerRabbit"]
[Result "1-0"]
[WhiteElo "1734"]
[BlackElo "1561"]
[Opening "Pirc: classical, h3 system"]
[ECO "B08"]
[Time "19:02:18"]
[TimeControl "2700+45"]

1. e4 d6 2. d4 Nf6 3. Nc3 g6 4. Nf3 Bg7 5. h3 O-O 6. Be3 a6 7. a4 b6 8. Be2 Bb7
9. d5 Nbd7 10. Nd4 Nc5 11. f3 Qe8 12. b4 Ncd7 13. b5 Nc5 14. Qd2 Nfd7 15. Bh6 e6
16. Bxg7 Kxg7 17. bxa6 Nxa6 18. h4 exd5 19. exd5 Qe5 20. h5 Rh8 21. f4 Qe8 22.
f5 Nf6 23. Qg5 Nc5 24. h6+ Kg8 25. Qxf6 Qf8 26. Nf3 Re8 27. O-O-O Re3 28. Kd2
Re8 29. Rde1 Bxd5 30. Kd1 Bc6 31. Bb5 Nd7 32. Qg7+ Qxg7 33. hxg7 Rxe1+ 34. Nxe1
Ne5 35. gxh8=Q+ Kxh8 36. Bxc6 {Black resigns} 1-0

[Event "Team 45 45 League T43"]
[Site "Internet Chess Club"]
[Date "2009.11.08"]
[Round "2"]
[White "IceBox"]
[Black "jjmolina"]
[Result "0-1"]
[WhiteElo "1739"]
[BlackElo "1683"]
[Opening "QGD Slav: Breyer variation"]
[ECO "D10"]
[Time "13:03:22"]
[TimeControl "2700+45"]

1. d4 d5 2. c4 c6 3. Nd2 Nf6 4. Ngf3 Nbd7 5. g3 e6 6. Bg2 Bd6 7. O-O O-O 8. Re1
e5 9. dxe5 Nxe5 10. cxd5 Nxd5 11. Nxe5 Bxe5 12. Nf3 Bf6 13. e4 Nb6 14. Qc2 Bg4
15. Bf4 Qc8 16. Rad1 Re8 17. b3 Nd7 18. Rd2 Nf8 19. Bg5 Bxf3 20. Bxf6 Bxg2 21.
Bxg7 Bxe4 22. Qc3 Bf3 23. Rxe8 Qxe8 24. Rd3 Bd5 25. Bh6 Ne6 26. Re3 f6 27. Qxf6
Qf7 28. Qh4 Qg6 29. Re1 Ng7 30. Bf4 Nf5 31. Qh3 Nd4 32. Rd1 Ne2+ 33. Kf1 Nxf4
34. gxf4 Rf8 35. Ke2 Qc2+ {White resigns} 0-1

[Event "Team 45 45 League T43"]
[Site "Internet Chess Club"]
[Date "2009.11.11"]
[Round "2"]
[White "andrew28"]
[Black "calily"]
[Result "1-0"]
[WhiteElo "1698"]
[BlackElo "1610"]
[Opening "Caro-Kann: closed (Breyer) variation"]
[ECO "B10"]
[Time "14:17:37"]
[TimeControl "2700+45"]

1. e4 c6 2. d3 d5 3. Nd2 dxe4 4. dxe4 Nf6 5. Ngf3 Bg4 6. Be2 e6 7. O-O Nbd7 8.
e5 Nd5 9. h3 Bh5 10. c4 Nf4 11. Re1 Qc7 12. Bf1 Bxf3 13. Nxf3 Ng6 14. a3 Ndxe5
15. Nxe5 Nxe5 16. Bf4 f6 17. Bh2 Qd6 18. Qe2 Qc7 19. Rad1 Bd6 20. Kh1 Qe7 21. c5
Bxc5 22. Bxe5 fxe5 23. Qh5+ g6 24. Qxe5 Kf7 25. Bc4 Rae8 26. Rd3 a6 27. Rf3+ Kg8
28. Rf6 {Black resigns} 1-0

[Event "Team 45 45 League T43"]
[Site "Internet Chess Club"]
[Date "2009.11.05"]
[Round "2"]
[White "Mambo"]
[Black "Juan73"]
[Result "1-0"]
[WhiteElo "1670"]
[BlackElo "1664"]
[Opening "Evans gambit"]
[ECO "C52"]
[Time "11:44:41"]
[TimeControl "2700+45"]

1. e4 e5 2. Nf3 Nc6 3. Bc4 Bc5 4. b4 Bxb4 5. c3 Ba5 6. d4 exd4 7. O-O Bxc3 8.
Nxc3 dxc3 9. Qb3 Qf6 10. e5 Nxe5 11. Re1 d6 12. Bg5 Qf5 13. Nxe5 dxe5 14. Qb5+
Qd7 15. Rad1 f6 16. Rxe5+ fxe5 17. Rxd7 Bxd7 18. Qxe5+ Kf8 19. Qc5+ Ke8 20. Bxg8
{Black resigns} 1-0

[Event "Team 45 45 League T43"]
[Site "Internet Chess Club"]
[Date "2009.11.08"]
[Round "2"]
[White "jefferyx"]
[Black "az2112"]
[Result "1-0"]
[WhiteElo "2007"]
[BlackElo "1772"]
[Opening "Petrov: Nimzovich attack"]
[ECO "C42"]
[Time "20:30:49"]
[TimeControl "2700+45"]

1. e4 e5 2. Nf3 Nf6 3. Nxe5 d6 4. Nf3 Nxe4 5. Nc3 Nxc3 6. dxc3 Nc6 7. Bd3 Ne5 8.
Nxe5 dxe5 9. Bb5+ Bd7 10. Bxd7+ Qxd7 11. Qxd7+ Kxd7 12. Be3 b6 13. O-O-O+ Kc6
14. c4 f6 15. Rd5 Be7 16. Rhd1 Rad8 17. a3 a5 18. f4 Rxd5 19. cxd5+ Kd6 20. c4
f5 21. b4 axb4 22. axb4 c5 23. dxc6+ Kxc6 24. b5+ Kc7 25. fxe5 Re8 26. Kc2 Bf6
27. exf6 Rxe3 28. f7 {Black resigns} 1-0

[Event "Team 45 45 League T43"]
[Site "Internet Chess Club"]
[Date "2009.11.06"]
[Round "2"]
[White "Chess2Play"]
[Black "pishd"]
[Result "0-1"]
[WhiteElo "1656"]
[BlackElo "1691"]
[Opening "Dutch defense, Rubinstein variation"]
[ECO "A40"]
[Time "10:37:05"]
[TimeControl "2700+45"]

1. d4 e6 2. c4 f5 3. Nc3 Nf6 4. Nf3 Bb4 5. Bd2 O-O 6. e3 b6 7. Be2 Bb7 8. O-O d6
9. a3 Bxc3 10. Bxc3 Ne4 11. Qc2 Nxc3 12. Qxc3 Nd7 13. Rfd1 Qf6 14. Rac1 Rae8 15.
b4 e5 16. dxe5 Nxe5 17. Nxe5 Rxe5 18. Qb3 Qf7 19. Qc2 Kh8 20. Qc3 f4 21. Rf1 Qg6
22. f3 Rxe3 23. Qc2 Qxc2 24. Rxc2 Rfe8 25. Kf2 Rxa3 26. c5 dxc5 27. bxc5 Ba6 28.
Bxa6 Rxa6 29. cxb6 cxb6 30. Rc7 Ra2+ 31. Kg1 h6 32. Rf2 Re1+ 33. Rf1 Ree2 {White
resigns} 0-1

[Event "Team 45 45 League T43"]
[Site "Internet Chess Club"]
[Date "2009.11.06"]
[Round "2"]
[White "toukon"]
[Black "Andressa"]
[Result "0-1"]
[WhiteElo "1415"]
[BlackElo "1521"]
[Opening "Sicilian: accelerated fianchetto, Maróczy bind, 6.Be3"]
[ECO "B38"]
[Time "21:00:48"]
[TimeControl "2700+45"]

1. e4 c5 2. Nf3 Nc6 3. d4 cxd4 4. Nxd4 g6 5. c4 Bg7 6. Be3 Nf6 7. Nc3 d6 8. Be2
O-O 9. O-O Nxd4 10. Bxd4 e5 11. Be3 a6 12. Qd2 Qc7 13. f3 Be6 14. b3 Rac8 15.
Rac1 Rfd8 16. Na4 Nd7 17. Bg5 f6 18. Be3 b6 19. Rfd1 Nc5 20. Nc3 f5 21. Bg5 Rd7
22. Bh4 fxe4 23. Nxe4 Nxe4 24. fxe4 Rf8 25. Bg3 Qc5+ 26. Kh1 h5 27. Bf3 Kh7 28.
Bf2 Bh6 29. Qe2 Qc7 30. Rc3 b5 31. c5 Qc6 32. Rc2 Rc8 33. Rd3 Bf8 34. Bxh5 dxc5
35. Bxg6+ Kxg6 36. Rg3+ Kf7 37. Qh5+ Ke7 38. Bxc5+ Kd8 39. Be7+ Rxe7 40. Rxc6
Rxc6 41. Rd3+ Rd7 42. Rxd7+ Kxd7 43. h4 Be7 44. Kh2 Rc8 45. Qd1+ Kc7 46. h5 Rh8
47. g4 Bg5 48. Qc2+ Kd6 49. Qd3+ Ke7 50. Qe2 Bf4+ 51. Kg2 Rd8 52. Qf3 Rd2+ 53.
Kh1 Rxa2 54. Kg1 Rb2 55. Qh3 Rxb3 56. Qh4+ Kf7 57. h6 Rb1+ 58. Kf2 Rb2+ 59. Ke1
Rh2 60. Qd8 Rxh6 61. Qc7+ Kg6 62. Qb6 Kg5 63. Qxa6 Bxg4 64. Qxb5 Rh1+ 65. Kf2
Rh2+ 66. Ke1 Re2+ 67. Kf1 Rxe4 68. Qd5 Re2 69. Qg8+ Kh4 70. Qh7+ Kg3 71. Qb7 e4
72. Qc6 Rf2+ 73. Kg1 e3 74. Qe4 Rd2 75. Qa4 Rd1+ 76. Qxd1 Bxd1 77. Kf1 e2+ 78.
Ke1 Kg4 79. Kf2 Bg3+ {White resigns} 0-1

[Event "Team 45 45 League T43"]
[Site "Internet Chess Club"]
[Date "2009.11.08"]
[Round "2"]
[White "Gregorio"]
[Black "zachi"]
[Result "1-0"]
[WhiteElo "2065"]
[BlackElo "1976"]
[Opening "English: symmetrical variation"]
[ECO "A37"]
[Time "23:00:13"]
[TimeControl "2700+45"]

1. c4 c5 2. g3 g6 3. Bg2 Bg7 4. Nf3 Nc6 5. Nc3 d6 6. h4 e5 7. h5 g5 8. h6 Nxh6
9. d3 f6 10. Be3 Be6 11. Qc1 Nf5 12. Nh2 Qd7 13. Nf1 h5 14. Be4 h4 15. g4 Nxe3
16. Nxe3 Bxg4 17. Bg6+ Kd8 18. Ned5 Bf5 19. Bxf5 Qxf5 20. Ne4 Ne7 21. Nxd6 Qe6
22. Nxb7+ Kc8 23. Nxc5 Qd6 24. Ne4 Qd8 25. Ndxf6 Bxf6 26. Nxf6 Qb6 27. Qxg5 Qxb2
28. Qg4+ Kb8 29. O-O {Black resigns} 1-0

[Event "Team 45 45 League T43"]
[Site "Internet Chess Club"]
[Date "2009.11.06"]
[Round "2"]
[White "mfeatherston"]
[Black "Harmonicus"]
[Result "0-1"]
[WhiteElo "1864"]
[BlackElo "1837"]
[Opening "Scotch gambit: Dubois-Réti defense"]
[ECO "C55"]
[Time "11:12:58"]
[TimeControl "2700+45"]

1. e4 e5 2. Nf3 Nc6 3. d4 exd4 4. Bc4 Nf6 5. e5 d5 6. Bb5 Ne4 7. Nxd4 Bd7 8.
Bxc6 bxc6 9. O-O Bc5 10. f3 Ng5 11. f4 Ne4 12. Be3 Bb6 13. Nc3 Nxc3 14. bxc3 Qe7
15. Qd2 O-O 16. Rae1 Rae8 17. Nb3 a5 18. a4 Bf5 19. Qf2 Rb8 20. Nc5 Bxc2 21. f5
Bxf5 22. Qxf5 Bxc5 23. Kh1 Bxe3 24. Rxe3 Qe6 25. Qd3 Qg6 26. Qd4 Rb1 27. Ree1
Rxe1 28. Rxe1 Rb8 29. Qa7 Qb1 30. Qe3 Qb6 31. Qd3 h6 32. h3 Qb3 33. Qf3 Qc2 34.
Rf1 Qg6 35. Kh2 Re8 36. Qf4 Qe6 37. Kg1 Re7 38. Rb1 Qxe5 39. Rb8+ Kh7 40. Qg4 f5
41. Qh5 f4 42. Qg4 Qe1+ 43. Kh2 Qg3+ 44. Qxg3 fxg3+ 45. Kxg3 Re3+ 46. Kf4 Rxc3
47. Ra8 Rc4+ 48. Ke3 Rxa4 49. Ra6 Ra2 50. Rxc6 Rxg2 51. Kd4 Rh2 52. Kxd5 Rxh3
53. Rxc7 a4 54. Ra7 a3 55. Ke6 h5 56. Kf7 Rf3+ 57. Ke6 Kh6 58. Ra8 h4 59. Ra4 g5
60. Ra8 Kh5 61. Ke5 Kg4 62. Ra4+ Kg3 {White resigns} 0-1

[Event "Team 45 45 League T43"]
[Site "Internet Chess Club"]
[Date "2009.11.10"]
[Round "2"]
[White "Kingofknights"]
[Black "Grenadier"]
[Result "0-1"]
[WhiteElo "1725"]
[BlackElo "1687"]
[Opening "Old Indian: Ukrainian variation"]
[ECO "A53"]
[Time "20:00:44"]
[TimeControl "2700+45"]

1. d4 Nf6 2. c4 d6 3. Nc3 e5 4. e4 Be7 5. d5 Nbd7 6. f3 a5 7. Be3 b6 8. Bd3 Nf8
9. Nge2 Ng6 10. O-O Nh5 11. Qd2 h6 12. b3 Bg5 13. Nb5 Bd7 14. a4 Nhf4 15. Nxf4
Nxf4 16. Rac1 O-O 17. Rc2 Rc8 18. Rb1 f5 19. b4 Ra8 20. c5 axb4 21. cxd6 cxd6
22. Rxb4 Nxd3 23. Qxd3 fxe4 24. fxe4 Bxb5 25. Rxb5 Rxa4 26. Rb1 Bxe3+ 27. Qxe3
Rf4 28. g3 Rfxe4 29. Qxb6 Qg5 30. Rf2 Rf4 31. Rbf1 Rxf2 32. Rxf2 Ra1+ 33. Kg2
Qc1 34. Qxd6 Qg1+ 35. Kf3 e4+ 36. Ke3 Re1+ 37. Kd4 Qxf2+ 38. Ke5 Qf6+ 39. Qxf6
gxf6+ 40. Ke6 Rd1 {White resigns} 0-1

[Event "Team 45 45 League T43"]
[Site "Internet Chess Club"]
[Date "2009.11.14"]
[Round "2"]
[White "GoIrish"]
[Black "badmove"]
[Result "1/2-1/2"]
[WhiteElo "1592"]
[BlackElo "1613"]
[Opening "Réti opening"]
[ECO "A04"]
[Time "16:00:14"]
[TimeControl "2700+45"]

1. Nf3 d6 2. g3 e5 3. e4 f5 4. d3 Nf6 5. Nc3 Be7 6. Bg2 O-O 7. O-O Nc6 8. Bg5
Qe8 9. Bxf6 Bxf6 10. Nd5 Qd8 11. Nd2 Ne7 12. Nxf6+ Rxf6 13. f4 exf4 14. gxf4 Ng6
15. Qe1 fxe4 16. Bxe4 Rxf4 17. Rxf4 Nxf4 18. Qe3 Nh3+ 19. Kh1 Qg5 20. Qxg5 Nxg5
21. Rf1 Nxe4 22. Nxe4 Bd7 23. Rf3 Rf8 24. Kg2 Rxf3 25. Kxf3 Bc6 {Game drawn by
mutual agreement} 1/2-1/2